 Dungeon Crawl Stone Soup version 0.24-b1 (webtiles) character file.

Game seed: 11945517088829680599, levelgen mode: deterministic

114 Mattoad the Grave Robber (level 4, 0/24 HPs)
             Began as a Deep Elf Necromancer on Oct 12, 2019.
             Slain by a giant cockroach (1 damage)
             ... on level 3 of the Dungeon.
             The game lasted 00:16:11 (4136 turns).

Mattoad the Grave Robber (Deep Elf Necromancer)     Turns: 4136, Time: 00:16:12

Health: 0/24       AC:  3    Str:  5    XL:     4   Next: 66%
Magic:  2/12       EV: 13    Int: 21    God:
Gold:   51         SH:  0    Dex: 15    Spells: 6/12 levels left

rFire    . . .     SeeInvis .   (no weapon)
rCold    . . .     Gourm    .   (no shield)
rNeg     . . .     Faith    .   a - +0 robe
rPois    .         Spirit   .   (no helmet)
rElec    .         Reflect  .   (no cloak)
rCorr    .         Harm     .   (no gloves)
MR       .....                  g - +0 pair of boots
Stlth    ++........             (no amulet)
HPRegen  0.08/turn              (no ring)
MPRegen  0.13/turn              (no ring)

@: no status effects
A: no striking features
a: no special abilities


You were on level 3 of the Dungeon.
You were not hungry.

You visited 1 branch of the dungeon, and saw 3 of its levels.

You collected 51 gold pieces.

Inventory:

Armour
 a - a +0 robe (worn)
 g - a +0 pair of boots (worn)
Scrolls
 b - a scroll of immolation {unknown}
 f - a scroll of identify {unknown}
 h - a scroll of amnesia {unknown}
 i - a scroll of fear {unknown}
 j - a scroll of remove curse {unknown}
 m - a scroll of noise {unknown}
 o - a scroll of enchant weapon {unknown}
Potions
 e - a potion of mutation {unknown}
 k - a potion of haste {unknown}
 l - 2 potions of might
 n - a potion of agility {unknown}
Comestibles
 c - 4 rations


   Skills:
 - Level 2.5 Dodging
 - Level 2.4 Stealth
 - Level 0.1 Unarmed Combat
 + Level 4.8 Spellcasting
 + Level 6.3 Necromancy


You had 6 spell levels left.
You knew the following spells:

 Your Spells              Type           Power        Failure   Level  Hunger
a - Pain                  Necr           ####         1%          1    None
b - Animate Skeleton      Necr           N/A          1%          1    None
c - Animate Dead          Necr           N/A          9%          4    ####...

Your spell library contained the following spells:

 Spells                   Type           Power        Failure   Level  Hunger
 Vampiric Draining        Necr           ####......   2%          3    ##.....
 Regeneration             Chrm/Necr      ###.......   9%          3    ##.....


Dungeon Overview and Level Annotations

Branches:
Dungeon (3/15)

Altars:


Message History

Confirm with . or Enter, or press ? or * to list all spells.
Aiming: Pain (safe; 1% risk of failure)
Press: ? - help, Shift-Dir - straight line, f/p - gnoll
Aim: a gnoll, wielding a +0 halberd (moderately wounded, chance to defeat MR: 89%)
The gnoll writhes in agony!
Casting: Pain (safe; 1% risk of failure)
Confirm with . or Enter, or press ? or * to list all spells.
Aiming: Pain (safe; 1% risk of failure)
Press: ? - help, Shift-Dir - straight line, f/p - gnoll
Aim: a gnoll, wielding a +0 halberd (almost dead, chance to defeat MR: 89%)
The gnoll barely resists.
The gnoll misses you.
Casting: Pain (safe; 1% risk of failure)
Confirm with . or Enter, or press ? or * to list all spells.
Aiming: Pain (safe; 1% risk of failure)
Press: ? - help, Shift-Dir - straight line, f/p - gnoll
Aim: a gnoll, wielding a +0 halberd (almost dead, chance to defeat MR: 89%)
The gnoll writhes in agony!
You kill the gnoll!
The giant cockroach bites you.
You die...

....# #.......#
....####.....>......
......##...........#
......##...........#
.............##....#
#............##.%.?# .
#.......(....##....##...
#.......................
...............?@.......
................s....##+
......)...........)..#
..............^......#
...........(.......)...
..................?.....
#######.#.....######....
#.#...(... ....
#.#.....#.


You could see a giant cockroach.

Vanquished Creatures
  3 gnolls (D:3)
  2 adder skeletons (D:2)
  4 dart slugs
  2 leopard geckos (D:1)
  A bat skeleton (D:2)
  2 bat zombies (D:2)
  3 giant cockroaches
  2 goblins (D:2)
  4 hobgoblins
  A quokka (D:3)
  5 bats
  3 frilled lizards (D:1)
  A jackal skeleton (D:2)
  A jackal zombie (D:2)
  10 kobolds
  7 rats
51 creatures vanquished.

Vanquished Creatures (collateral kills)
  Jessica (D:3)
1 creature vanquished.

Grand Total: 52 creatures vanquished

Notes
Turn   | Place    | Note
-------+----------+-------------------------------------------
     0 | D:1      | Mattoad the Deep Elf Necromancer began the quest for the
                  | Orb.
     0 | D:1      | Reached XP level 1. HP: 10/10 MP: 6/6
    43 | D:1      | Reached skill level 5 in Necromancy
   569 | D:1      | Reached XP level 2. HP: 3/15 MP: 4/8
   598 | D:1      | You fall into a shaft and drop 1 floor!
   604 | D:2      | Learned a level 1 spell: Animate Skeleton
  1709 | D:1      | Reached XP level 3. HP: 14/19 MP: 2/10
  2365 | D:3      | Noticed Jessica
  2372 | D:3      | Killed Jessica
  2372 | D:3      | Reached skill level 6 in Necromancy
  3212 | D:2      | Reached XP level 4. HP: 24/24 MP: 10/12
  3246 | D:2      | Learned a level 4 spell: Animate Dead
  3710 | D:2      | HP: 1/24 [hound skeleton (3)]
  4136 | D:3      | Slain by a giant cockroach

Skill      XL: |  1  2  3 |
---------------+----------+-----
Necromancy     | 5 6 |  6.3
Spellcasting   | 4 |  4.8
Dodging        | |  2.5
Stealth        | |  2.4
Unarmed Combat | |  0.1

Action                   |  1- 3 |  4- 6 || total
-------------------------+-------+-------++-------
Melee: Unarmed           |    48 |   263 ||   311
 Cast: Pain              |    53 |    25 ||    78
       Animate Skeleton  |    10 |       ||    10
       Animate Dead      |       |     1 ||     1
  Use: Scroll            |     1 |     1 ||     2
       Potion            |     1 |       ||     1
 Stab: Sleeping          |     1 |       ||     1
  Eat: Chunk             |     4 |       ||     4
       Ration            |     3 |       ||     3
Armor: Robe              |    26 |    58 ||    84
Dodge: Dodged            |    49 |   122 ||   171
